 Dungeon Crawl Stone Soup version 0.20.1-1-g8b1a95d (webtiles) character file.

1570 Peloso the Slasher (level 8, 0/62 HPs)
             Began as a Demonspawn Fighter on Oct 15, 2017.
             Was a Believer of Okawaru.
             Killed from afar by Turtleman12345's ghost (3 damage)
             ... with a magic dart
             ... on level 4 of the Dungeon.
             The game lasted 00:13:48 (6385 turns).

Peloso the Slasher (Demonspawn Fighter)             Turns: 6385, Time: 00:13:48

Health: 0/62       AC:  7    Str: 19    XL:     8   Next: 59%
Magic:  0/17       EV:  9    Int:  9    God:    Okawaru [**....]
Gold:   174        SH:  0    Dex: 13    Spells: 7/7 levels left

rFire    . . .     SeeInvis .   a - +1 long sword
rCold    . . .     Gourm    .   c - +1 shield
rNeg     . . .     Faith    .   b - +0 scale mail
rPois    .         Spirit   +   (no helmet)
rElec    +         Reflect  .   (no cloak)
rCorr    .         Harm     .   (no gloves)
MR       .....                  (no boots)
Stlth    ..........             (no amulet)
Regen    0.2/turn               s - ring of magical power
MPRegen  0.3/turn               (no ring)

@: confused
A: claws 2, mutation resistance 1, electricity resistance, magic shield, magic
regeneration
a: Heroism, Renounce Religion


You were on level 4 of the Dungeon.
You worshipped Okawaru.
Okawaru was pleased with you.
You were very hungry.

You visited 1 branch of the dungeon, and saw 5 of its levels.

You collected 174 gold pieces.

Inventory:

Hand Weapons
 a - a +1 long sword (weapon)
Armour
 b - a +0 scale mail (worn)
 c - a +1 shield (worn)
Jewellery
 s - a ring of magical power (left claw)
Wands
 h - a wand of polymorph (7/24)
 u - a wand of random effects (19/48)
 x - a wand of random effects (20/48)
Scrolls
 d - 3 scrolls of teleportation
 g - 3 scrolls of identify
 k - a scroll of recharging
 o - a scroll of amnesia
Potions
 i - 3 potions of flight
 r - a potion of brilliance
Comestibles
 f - 2 bread rations
 m - 2 royal jellies
 n - 2 meat rations
 q - 5 fruits


   Skills:
 + Level 5.2 Fighting
 + Level 5.8 Long Blades
 + Level 5.4 Armour
 + Level 2.7 Dodging
 + Level 0.8 Stealth
 + Level 4.9 Shields
 + Level 1.0 Invocations


You had 7 spell levels left.
You didn't know any spells.

Dungeon Overview and Level Annotations

Branches:
Dungeon (5/15)             Temple (0/1) D:5

Altars:
Okawaru

Annotations:
D:4 Turtleman12345's ghost, novice DECj


Innate Abilities, Weirdness & Mutations

You have very sharp fingernails.
When hurt, damage is shared between your health and your magic reserves.
You regenerate magic rapidly.
You are somewhat resistant to further mutation.
You are resistant to electric shocks. (rElec)


Message History

You start resting.
Turtleman12345's ghost is nearby!
Turtleman12345's ghost turns its malevolent gaze towards you.
Turtleman12345's ghost gestures at you while chanting.
The orb of energy misses you.
Turtleman12345's ghost gestures at you while chanting.
You block the spray of energy.
There is a stone staircase leading up here.
Turtleman12345's ghost gestures at you while chanting.
The spray of energy hits you!
* * * LOW HITPOINT WARNING * * *
You are confused.
In your confused state, you trip and fall back down the stairs.
Turtleman12345's ghost screams, "What do you have that I didn't have?"
Turtleman12345's ghost points at you and mumbles some strange words.
The orb of energy hits you!
* * * LOW HITPOINT WARNING * * *
Turtleman12345's ghost casts a spell at you.
The magic dart hits you!
You die...

... ... ....
....#
############....#
#.....##.....W..#
#.....#>.........
#.....)..@......#
#........#......#
#................
#......#.#.######
####+#...#'#
#...... ........
........#
.^.......#


You could see Turtleman12345's ghost.

Vanquished Creatures
  Prince Ribbit (D:5)
  Sigmund (D:2)
  Menkaure (D:5)
  A sky beast (D:5)
  3 ogres
  Blork the orc (D:5)
  A scorpion (D:5)
  2 crimson imps (D:5)
  A bullfrog zombie (D:5)
  A bullfrog skeleton (D:5)
  An orc priest (D:3)
  A centaur skeleton (D:5)
  An iguana (D:5)
  5 orc wizards
  2 worker ants
  A killer bee zombie (D:5)
  9 gnolls
  5 adders
  2 dart slugs
  A leopard gecko (D:2)
  13 orcs
  2 ball pythons
  5 giant cockroaches
  7 goblins
  8 hobgoblins
  3 jackals (D:5)
  A quokka (D:5)
  7 bats
  2 frilled lizards
  6 kobolds
  7 rats
102 creatures vanquished.

Notes
Turn   | Place    | Note
-------+----------+-------------------------------------------
     0 | D:1      | Peloso the Demonspawn Fighter began the quest for the Orb.
     0 | D:1      | Reached XP level 1. HP: 18/18 MP: 1/1
   101 | D:1      | Gained mutation: You have sharp fingernails. [demonic ancestry]
   101 | D:1      | Reached XP level 2. HP: 17/24 MP: 2/2
   709 | D:1      | Reached XP level 3. HP: 25/29 MP: 3/3
   909 | D:2      | Found an iron altar of Okawaru.
   929 | D:2      | Became a worshipper of Warmaster Okawaru
  1032 | D:2      | Noticed Sigmund
  1037 | D:2      | Killed Sigmund
  1037 | D:2      | Reached skill level 1 in Dodging
  1037 | D:2      | Gained mutation: You have very sharp fingernails. [demonic ancestry]
  1037 | D:2      | Reached XP level 4. HP: 20/37 MP: 4/4
  1037 | D:2      | Reached XP level 5. HP: 23/42 MP: 5/5
  1694 | D:3      | Gained mutation: You are somewhat resistant to further mutation. [potion of mutation]
  1694 | D:3      | Gained mutation: You are resistant to electric shocks. (rElec) [potion of mutation]
  2068 | D:3      | Reached XP level 6. HP: 20/48 MP: 6/6
  2627 | D:3      | Reached * piety under Okawaru
  3486 | D:4      | Gained mutation: When hurt, damage is shared between your health and your magic reserves. [demonic ancestry]
  3486 | D:4      | Reached XP level 7. HP: 52/55 MP: 7/7
  3850 | D:4      | Noticed Turtleman12345's ghost (novice DECj)
  3882 | D:5      | Entered Level 5 of the Dungeon
  3882 | D:5      | Noticed Prince Ribbit
  4608 | D:5      | Killed Prince Ribbit
  4608 | D:5      | Reached ** piety under Okawaru
  5272 | D:5      | Reached skill level 5 in Long Blades
  5272 | D:5      | Reached skill level 5 in Armour
  5272 | D:5      | Gained mutation: You regenerate magic rapidly. [demonic ancestry]
  5272 | D:5      | Reached XP level 8. HP: 47/61 MP: 8/8
  5451 | D:5      | Noticed Blork the orc
  5462 | D:5      | Killed Blork the orc
  5609 | D:5      | Reached skill level 5 in Fighting
  5609 | D:5      | Reached skill level 1 in Invocations
  5635 | D:5      | Found a staircase to the Ecumenical Temple.
  6001 | D:5      | Noticed Menkaure
  6011 | D:5      | Killed Menkaure
  6384 | D:4      | HP: 3/62 [Turtleman12345's ghost/orb of energy (13)]
  6385 | D:4      | Killed from afar by Turtleman12345's ghost

Skill      XL: |  1  2  3  4  5  6  7  8 |
---------------+-------------------------+-----
Armour         | 3 4 5 |  5.4
Long Blades    | 2 3 4 5 |  5.8
Shields        | 3 4 |  4.9
Dodging        | 1 2 |  2.7
Fighting       | 4 5 |  5.2
Invocations    | 1 |  1.0
Stealth        | |  0.8

Action                   |  1- 3 |  4- 6 |  7- 9 || total
-------------------------+-------+-------+-------++-------
Melee: Long sword        |   103 |   154 |   234 ||   491
Invok: Heroism           |       |     1 |     1 ||     2
  Use: Potion            |     1 |     2 |     2 ||     5
       Scroll            |       |     3 |     8 ||    11
  Eat: Chunk             |     1 |     8 |     8 ||    17
Armor: Scale mail        |    46 |    52 |    82 ||   180
Dodge: Dodged            |    39 |    50 |    92 ||   181
Block: Shield            |    48 |    83 |   133 ||   264
       Rpst.: Long sword |    17 |    22 |    31 ||    70
